 Dungeon Crawl Stone Soup version 0.21-a0-88-g13b9641 (webtiles) character file.

9919 seren the Slicer (level 11, -5/90 HPs)
             Began as a Vine Stalker Fighter on June 25, 2017.
             Was a Follower of Uskayaw.
             Slain by a spiny frog (9 damage)
             ... on level 10 of the Dungeon on June 26, 2017.
             The game lasted 00:41:51 (10518 turns).

seren the Slicer (Vine Stalker Fighter)            Turns: 10518, Time: 00:41:52

Health: -5/90      AC: 25    Str: 22    XL:     11   Next: 54%
Magic:  0/16       EV:  2    Int:  8    God:    Uskayaw [*.....]
Gold:   448        SH: 14    Dex: 14    Spells: 10/10 levels left

rFire    + . .     SeeInvis .   a - +0 rapier
rCold    . . .     Gourm    .   c - +0 shield
rNeg     + + +     Faith    .   (armour currently unavailable)
rPois    +         Spirit   +   (helmet currently unavailable)
rElec    .         Reflect  +   (cloak currently unavailable)
rCorr    .         Harm     .   (gloves currently unavailable)
MR       +....     NoTele   +   (boots currently unavailable)
Stlth    +.........             P - +3 amulet of reflection
HPRegen  0.65/turn              n - ring of positive energy
MPRegen  0.15/turn              r - ring of protection from fire

@: tree-form, very slightly contaminated, invisible
A: regeneration 1, magic shield, no potion heal 3, rot immunity
a: Stomp, Renounce Religion


You were on level 10 of the Dungeon.
You worshipped Uskayaw.
Uskayaw was noncommittal.
You were not hungry.
You were a tree.
You visited 3 branches of the dungeon, and saw 12 of its levels.

You collected 502 gold pieces.
You spent 54 gold pieces at shops.

Inventory:

Hand Weapons
 a - a +0 rapier (weapon)
 k - a +1 dagger of holy wrath
 y - a +0 dagger of draining
 F - a +0 whip of freezing
 O - a -2 spear
Missiles
 p - 247 stones (quivered)
Armour
 b - a +0 scale mail
 c - a +0 shield (worn)
 e - a +0 pair of boots (melded)
 l - a +0 buckler
 C - a +0 cloak (melded)
 H - a +0 helmet (melded)
 M - a +0 plate armour (melded)
Jewellery
 n - a ring of positive energy (left branch)
 r - a ring of protection from fire (right branch)
 G - an uncursed ring of see invisible
 P - a +3 amulet of reflection (around neck)
Wands
 B - a wand of lightning (9/15)
 K - a wand of flame (21/48)
 S - a wand of lightning (11/15)
 T - a wand of confusion (9/48)
Scrolls
 d - a scroll of random uselessness {unknown}
 i - 2 scrolls of enchant armour {unknown}
 j - 2 scrolls of amnesia
 q - 3 scrolls of teleportation
 s - 2 scrolls of recharging
 t - 2 scrolls of enchant weapon {unknown}
 u - 4 scrolls of fog
 w - 2 scrolls of immolation
 D - 2 scrolls of blinking {unknown}
 E - a scroll of noise {unknown}
Potions
 m - 5 potions of curing
 v - a potion of might
 x - 2 potions of agility
 z - a potion of resistance
 A - 2 potions of magic
 J - a potion of ambrosia
 Q - a potion of haste {unknown}
Miscellaneous
 R - a box of beasts
Comestibles
 f - 9 bread rations
 g - 12 royal jellies
 h - a fruit
 o - 5 meat rations
 L - 2 chunks of flesh


   Skills:
 + Level 7.8 Fighting
 + Level 9.4 Short Blades
 + Level 6.9 Armour
 + Level 7.6 Shields
 - Level 6.0 Invocations


You had 10 spell levels left.
You didn't know any spells.

Dungeon Overview and Level Annotations

Branches:
Dungeon (10/15)            Temple (1/1) D:6            Lair (1/6) D:10
    Orc: D:9-12

Altars:
Ashenzari
Cheibriados
Dithmenos
Elyvilon
Fedhas
Gozag
Hepliaklqana
Kikubaaqudgha
Makhleb
Nemelex Xobeh
Okawaru
Qazlal
Ru
Sif Muna
Trog
Uskayaw
Vehumet
Wu Jian
Xom
Yredelemnul
Zin
The Shining One

Shops:
D:4 [   D:7 *

Annotations:
D:1 exclusion: downstairs
D:9 Joseph


Innate Abilities, Weirdness & Mutations

((You have razor-sharp teeth.))
Your natural rate of healing is unusually fast.
When hurt, damage is shared between your health and your magic reserves.
((Your bite disrupts and absorbs the magic of your enemies.))
Potions cannot restore your health.
You are immune to rotting.


Message History

You completely miss the wolf.
The wolf is lightly wounded.
The wolf bites you but does no damage. You block the wolf's attack.
The wolf bites you but does no damage. x3
The spiny frog stings you but does no damage.
You block the wolf's attack.
You hit the wolf.
The wolf is moderately wounded.
The wolf bites you but does no damage. You block the wolf's attack.
The wolf bites you but does no damage. x2; You block the wolf's attack.
The spiny frog stings you.
* * * LOW HITPOINT WARNING * * *
You block the wolf's attack.
The wolf bites you but does no damage. x2
You hit the wolf but do no damage.
The wolf is moderately wounded.
You block the wolf's attack. x3; The wolf bites you but does no damage.
The wolf bites you.
* * * LOW HITPOINT WARNING * * *
The spiny frog stings you!
You die...

#.# #..#..##.......#.###..#
#.###..#####.......#.###..#
#÷.........####...###.....#
#'#####.....##.....##.....#
......#.....#.......#.###.#
......#.....#.......#.###.#
..#####...................#
..# #........hhh........#
### #####.....♣.........#
##...hhF........#
#..............#
##.......#.....# #
#.......#..##.# ##
##.....##..##.# .#
##...###.....# .#
##.###......# .♣ #.#
#......#


You could see a spiny frog and 5 wolves.

Vanquished Creatures
  A two-headed ogre (D:8)
  2 trolls (D:9)
  2 hippogriffs
  10 yaks
  Sigmund (D:2)
  4 hogs
  A human (D:7)
  3 chaos spawn
  Grum (D:9)
  2 wargs (D:10)
  2 ice beasts
  2 sky beasts
  2 orc warriors
  3 ogres
  4 centaurs
  4 phantoms
  5 wolves
  A necrophage (D:8)
  A crocodile (D:10)
  5 bullfrogs
  2 scorpions
  A water moccasin skeleton (D:10)
  21 killer bees
  3 howler monkeys
  3 crimson imps
  A centaur zombie (D:7)
  A bullfrog zombie (D:5)
  A bullfrog skeleton (D:10)
  3 hounds
  A quasit (D:8)
  Crazy Yiuf (D:4)
  7 orc priests
  2 jellies
  A centaur skeleton (D:10)
  5 iguanas
  9 orc wizards
  5 worker ants
  2 hound zombies (D:6)
  11 gnolls
  9 adders
  4 shadow imps
  An ooze (D:6)
  An adder zombie (D:7)
  An adder skeleton (D:5)
  2 worms (D:2)
  5 dart slugs
  6 leopard geckos
  44 orcs
  2 ball pythons
  5 bats
  8 giant cockroaches
  4 goblins
  6 hobgoblins
  14 jackals
  5 kobolds
  6 quokkas
  5 frilled lizards
  A leopard gecko skeleton (D:5)
  A quokka skeleton (D:6)
  16 rats
282 creatures vanquished.

Vanquished Creatures (others)
  A cyclops (D:10)
1 creature vanquished.

Grand Total: 283 creatures vanquished

Notes
Turn   | Place    | Note
-------+----------+-------------------------------------------
     0 | D:1      | seren the Vine Stalker Fighter began the quest for the Orb.
     0 | D:1      | Reached XP level 1. HP: 11/11 MP: 2/2
   108 | D:1      | Reached skill level 2 in Short Blades
   211 | D:1      | Reached XP level 2. HP: 4/16 MP: 1/3
   894 | D:1      | Reached skill level 3 in Short Blades
   983 | D:1      | Reached XP level 3. HP: 19/19 MP: 4/4
  1552 | D:2      | Gained mutation: Your natural rate of healing is unusually fast. [Vine Stalker growth]
  1552 | D:2      | Reached XP level 4. HP: 23/23 MP: 5/5
  1560 | D:2      | Reached skill level 4 in Short Blades
  1702 | D:2      | Noticed Sigmund
  1958 | D:2      | Killed Sigmund
  1958 | D:2      | Reached skill level 5 in Short Blades
  1958 | D:2      | Reached XP level 5. HP: 25/27 MP: 6/6
  1958 | D:2      | Reached XP level 6. HP: 30/32 MP: 7/7
  2176 | D:2      | Found a faded altar of an unknown god.
  2176 | D:2      | Found a faded altar of an unknown god.
  2183 | D:2      | Found a shadowy altar of Dithmenos.
  2190 | D:2      | Found a sacrificial altar of Ru.
  2191 | D:2      | Found a hide-covered altar of Uskayaw.
  2195 | D:2      | Became a worshipper of Uskayaw the Reveler
  2495 | D:3      | Reached * piety under Uskayaw
  2626 | D:3      | Reached ** piety under Uskayaw
  2696 | D:3      | Reached skill level 6 in Short Blades
  2697 | D:3      | Found a snail-covered altar of Cheibriados.
  2930 | D:3      | Found a blossoming altar of Fedhas.
  3008 | D:3      | Reached *** piety under Uskayaw
  3468 | D:4      | Found Refeko's Armour Boutique.
  3478 | D:4      | Reached XP level 7. HP: 30/36 MP: 8/8
  3485 | D:4      | Bought a +0 pair of boots for 54 gold pieces
  3967 | D:4      | Found a runed door.
  4116 | D:4      | Noticed Crazy Yiuf
  4123 | D:4      | Killed Crazy Yiuf
  4252 | D:5      | Entered Level 5 of the Dungeon
  4420 | D:5      | Found a basalt altar of Yredelemnul.
  4629 | D:5      | Gained mutation: You have razor-sharp teeth. [Vine Stalker growth]
  4629 | D:5      | Reached XP level 8. HP: 31/42 MP: 9/9
  5150 | D:6      | Reached skill level 7 in Short Blades
  5293 | D:6      | Found a staircase to the Ecumenical Temple.
  5302 | Temple   | Entered the Ecumenical Temple
  5637 | D:6      | Reached skill level 1 in Invocations
  5783 | D:7      | Found a white marble altar of Elyvilon.
  6066 | D:6      | Reached skill level 5 in Fighting
  6066 | D:6      | Reached skill level 5 in Shields
  6066 | D:6      | Reached XP level 9. HP: 34/47 MP: 11/11
  6284 | D:7      | Found Tiobyas's Assorted Antiques.
  6402 | D:7      | Found a shattered altar of Ashenzari.
  6402 | D:7      | Found a glowing silver altar of Zin.
  6404 | D:7      | Found a shimmering altar of Xom.
  6705 | D:7      | Upgraded the game from 0.21-a0-85-ga0cb861 to 0.21-a0-88-g13b9641
  6857 | D:7      | Reached skill level 5 in Armour
  6912 | D:8      | Reached **** piety under Uskayaw
  6936 | D:8      | Noticed a two-headed ogre
  7107 | D:8      | Reached skill level 8 in Short Blades
  7374 | D:7      | Reached XP level 10. HP: 51/53 MP: 13/13
  7619 | D:8      | Found a hazy altar of Hepliaklqana.
  7648 | D:8      | Found a shimmering altar of Xom.
  7727 | D:9      | Noticed Joseph
  7837 | D:7      | Paralysed by you for 2 turns
  8048 | D:8      | HP: 1/53 [two-headed ogre/giant club (15)]
  8049 | D:8      | Killed a two-headed ogre
  8224 | D:9      | Noticed Grum
  8406 | D:9      | Killed Grum
  8503 | D:9      | Reached ***** piety under Uskayaw
  8513 | D:9      | Reached skill level 9 in Short Blades
  8540 | D:9      | Found a glowing golden altar of the Shining One.
  8636 | D:9      | Found a stormy altar of Qazlal.
  8702 | D:9      | Reached XP level 11. HP: 58/58 MP: 15/15
  8739 | D:9      | Reached skill level 5 in Invocations
  9035 | D:10     | Entered Level 10 of the Dungeon
  9502 | D:10     | Noticed a cyclops
  9509 | D:10     | Killed a cyclops
 10124 | D:10     | Found a staircase to the Lair.
 10464 | Lair:1   | Entered Level 1 of the Lair of Beasts
 10518 | D:10     | HP: 4/90 [wolf (4)]
 10518 | D:10     | Slain by a spiny frog

Vault maps used:
D:1:      kennysheep_arrival_seaside
D:2:      chequers_temple_overflow_minitemple, dk_noncrumbling_3, uniq_sigmund
D:3:      lemuel_crystal_altar, kennysheep_slug_shrine, gup_sewer_entry_bubbles
D:4:      serial_shops, nicolae_shop_statue_plus, uniq_crazy_yiuf_cottage
D:5:      yredelemnul_altar_generic, first_bread
D:6:      minmay_temple_entry_hall
D:7:      kennysheep_mini_moat, minitemple, serial_shops, shop, grunt_livestock,
          st_stairs_14
D:8:      overflow_temple_1_default, minivault_1,
          minmay_guarded_unrand_variability
D:9:      overflow_temple_1_default, lemuel_doored_altar, uniq_joseph, uniq_grum
D:10:     erik_lair_orcish_takeover, minmay_tree_intersection
Temple:   dpeg_three_leaves_temple

Skill      XL: |  1  2  3  4  5  6  7  8  9 10 11 |
---------------+----------------------------------+-----
Short Blades   | 2 3 5 6 7 8 9 |  9.4
Fighting       | 3 5 6 7 |  7.8
Shields        | 3 5 7 |  7.6
Armour         | 3 4 5 6 |  6.9
Invocations    | 2 3 4 6 |  6.0

Action                   |  1- 3 |  4- 6 |  7- 9 | 10-12 || total
-------------------------+-------+-------+-------+-------++-------
Melee: Rapier            |    67 |   200 |   380 |   495 ||  1142
       Bite              |    19 |    46 |   137 |   159 ||   361
Throw: Stone             |       |     2 |     3 |       ||     5
Invok: Line Pass         |       |       |     3 |    12 ||    15
       Stomp             |       |       |     1 |     1 ||     2
  Use: Potion            |       |     2 |     2 |     5 ||     9
       Scroll            |       |     3 |     9 |    10 ||    22
 Stab: Paralysed         |       |       |     7 |    19 ||    26
       Confused          |       |       |       |     4 ||     4
  Eat: Chunk             |     2 |     6 |    14 |    15 ||    37
Armor: Scale mail        |    16 |    51 |   112 |    11 ||   190
       Plate armour      |       |       |       |   238 ||   238
       Skin              |       |       |       |    24 ||    24
Dodge: Dodged            |    22 |    42 |   119 |   108 ||   291
Block: Shield            |    31 |    80 |   112 |   337 ||   560
       Buckler           |       |       |    34 |       ||    34
       Reflection        |       |       |       |     2 ||     2
